 Dungeon Crawl Stone Soup version 0.31-a0-344-gd109795599 (webtiles) character file.

Game seed: 6683089484739549090

151 AIAndy the Ruffian (level 5, -3/33 HPs)
             Began as an Octopode Shapeshifter on July 22, 2023.
             Was an Initiate of Gozag.
             Slain by a centaur (7 damage)
             ... on level 5 of the Dungeon.
             The game lasted 00:08:19 (2239 turns).

AIAndy the Ruffian (Octopode Shapeshifter)          Turns: 2239, Time: 00:08:20

Health: -3/33      AC:  1    Str: 16    XL:     5   Next: 33%
Magic:  16/16      EV: 13    Int: 10    God:    Gozag
Gold:   106        SH:  0    Dex: 13    Spells: 4/7 levels left

rFire   . .          .
                       - Unarmed
rCold   + . .        (no shield)
rNeg    . . .        (helmet currently unavailable)
rPois   +            (no amulet)
rElec   .            R - ring of resist corrosion
rCorr   +            W - ring of magical power
SInv    .            C - ring of protection from cold
Will    .....        P - ring of poison resistance
Stlth   ++           Z - ring of wizardry
HPRegen 0.25/turn    (no ring)
MPRegen 0.15/turn    (no ring)
                     (no ring)

%: wizardry (x1)
@: beast-form
A: beast (slay +2), almost no armour, amphibious, 8 rings, camouflage 1,
gelatinous body 1, (nimble swimmer 1), tentacles
a: Begin Untransformation, Renounce Religion, Potion Petition, Call Merchant,
Bribe Branch


You were on level 5 of the Dungeon.
You worshipped Gozag.
Gozag was aware of your devotion.
You were a hulking beast.
You visited 1 branch of the dungeon, and saw 4 of its levels.

You collected 141 gold pieces.
You paid 35 gold pieces to Gozag.


Innate Abilities, Weirdness & Mutations

You are a hulking beast.
Your limbs bulge with bestial killing power. (Slay +2)
You cannot wear most types of armour.
You are amphibious.
You can wear up to eight rings at the same time.
Your skin changes colour to match your surroundings (Stealth+).
Your rubbery body absorbs attacks. (AC +1, EV +1)
((You are camouflaged when in or above water. (Stealth+)))
You have tentacles for arms and can constrict up to eight enemies at once.


   Skills:
 - Level 1.0 Fighting
 - Level 2.0 Dodging
 + Level 4.2 Unarmed Combat
 + Level 1.7 Spellcasting
 + Level 1.4 Translocations
 + Level 1.3 Air Magic
 - Level 3.4 Shapeshifting


You had 4 spell levels left.
You knew the following spells:

 Your Spells              Type           Power      Damage    Failure   Level
X - Vhi's Electric Charg  Tloc/Air       6%         N/A       22%         3

Your spell library contained the following spells:

 Spells                   Type           Power      Damage    Failure   Level
 Arcjolt                  Conj/Air       1%         1d11      92%         5
 Maxwell's Capacitive Co  Air            1%         ∞         100%        8

Inventory:

Hand Weapons
 q - a +2 dagger of speed
Jewellery
 C - a ring of protection from cold (on tentacle)
 P - a ring of poison resistance (on tentacle)
 R - a ring of resist corrosion (left tentacle)
 W - a ring of magical power (right tentacle)
 Z - a ring of wizardry (on tentacle)
Talismans
 b - a beast talisman
Scrolls
 c - a scroll of poison {unknown}
 i - 3 scrolls of identify {unknown}
 j - 3 scrolls of amnesia {unknown}
 k - a scroll of enchant armour {unknown}
 n - a scroll of teleportation {unknown}
 p - a scroll of immolation {unknown}
 s - a scroll of noise {unknown}
Potions
 a - a potion of haste {unknown}
 d - 2 potions of curing {unknown}
 e - 2 potions of magic {unknown}
 f - a potion of brilliance {unknown}
 g - 2 potions of heal wounds {unknown}
 h - 3 potions of might {unknown}
 l - a potion of resistance {unknown}
 m - a potion of invisibility {unknown}
 o - a potion of cancellation {unknown}
 r - a potion of degeneration {unknown}

Dungeon Overview and Level Annotations

Branches:
Dungeon (3/15)             Temple (0/1) D:5

Altars:
Elyvilon
Gozag
The Shining One

#.....#
#.....#
#.....#
#.....#
+.....#
#.....#
###'####
#......#
#...h..+
#....c.#
#......#
........#
....#######
.... ...s
..


You could see a centaur.


Message History

Found a staircase to the Ecumenical Temple.
There is a staircase to the Ecumenical Temple here.
You hear the slow rusting of a very distant drain.
Found 13 gold pieces.
You now have 106 gold pieces (gained 13).
You open the door.
A centaur comes into view.
The centaur wields a +0 shortbow.
The centaur shoots an arrow.
The arrow hits you!
There is an open door here.
A scorpion comes into view.
The centaur shoots an arrow.
The arrow completely misses you.
The centaur shoots an arrow.
The arrow hits you!
The centaur unwields a +0 shortbow.
The centaur hits you.
* * * LOW HITPOINT WARNING * * *
The centaur closely misses you.
You tentacle-slap the centaur.
You squeeze the centaur, but do no damage.
The centaur is lightly wounded.
The centaur hits you.
* * * LOW HITPOINT WARNING * * *
The centaur closely misses you.
You bludgeon the centaur!
Your tentacle-slap misses the centaur.
You squeeze the centaur!
The centaur is almost dead.
The centaur barely misses you. The centaur kicks you.
* * * LOW HITPOINT WARNING * * *
The centaur hits you!
You die...
Your body crumbles into a pile of gold.

Skill      XL: |  1  2  3  4 |
---------------+-------------+-----
Spellcasting   | 1 |  1.7
Unarmed Combat | 4 |  4.2
Translocations | 1 |  1.4
Air Magic      | 1 |  1.3
Fighting       | |  1.0
Dodging        | |  2.0
Shapeshifting  | |  3.4

Action                     |  1- 3 |  4- 6 || total
---------------------------+-------+-------++-------
  Melee: Unarmed           |    52 |    47 ||    99
         Constrict         |    11 |     5 ||    16
         Tentacles         |     5 |     5 ||    10
         Punch             |     2 |     2 ||     4
  Throw: Dart              |     2 |     1 ||     3
    Use: Potion            |       |     1 ||     1
   Stab: Sleeping          |     4 |     3 ||     7
 Armour: Skin              |     7 |    17 ||    24
  Dodge: Dodged            |    39 |    16 ||    55

Levels and vault maps discovered:
D:1:      psy_arrival_basics, layout_loops_ring, minmay_tall_x
D:2:      layout_basic, hangedman_glass_teeth, uniq_natasha
D:3:      layout_loops_cross, jmf_multi_god_temple, elyvilon_altar_5,
          shapermc_ecumenical_altar_totnotflames
D:5:      layout_gridville, minmay_temple_entry_antechambers,
          portal_sewer_entry_b, roderic_roman_lattice, chequers_mini_garden

Notes
Turn   | Place    | Note
-------+----------+-------------------------------------------
     0 | D:1      | AIAndy the Octopode Shapeshifter began the quest for the
                  | Orb.
     0 | D:1      | Reached XP level 1. HP: 13/13 MP: 1/1
   129 | D:1      | Reached XP level 2. HP: 14/18 MP: 2/2
   550 | D:1      | Reached XP level 3. HP: 23/23 MP: 3/3
  1490 | D:2      | Noticed Natasha
  1495 | D:2      | Killed Natasha
  1496 | D:2      | Reached skill level 1 in Spellcasting
  1500 | D:2      | Learned a level 3 spell: Vhi's Electric Charge
  1595 | D:3      | Found a white marble altar of Elyvilon.
  1616 | D:3      | Reached XP level 4. HP: 28/28 MP: 5/5
  1729 | D:3      | Reached skill level 4 in Unarmed Combat
  1766 | D:3      | Found a faded altar of an unknown god.
  1894 | D:3      | Reached skill level 1 in Translocations
  1894 | D:3      | Reached skill level 1 in Air Magic
  1894 | D:3      | Reached XP level 5. HP: 10/33 MP: 7/7
  2056 | D:3      | Found an opulent altar of Gozag.
  2056 | D:3      | Found a glowing golden altar of the Shining One.
  2062 | D:3      | Became a worshipper of Gozag Ym Sagoz the Greedy
  2118 | D:3      | You fall into a shaft and drop 2 floors!
  2118 | D:5      | Entered Level 5 of the Dungeon
  2210 | D:5      | Found a staircase to the Ecumenical Temple.
  2234 | D:5      | Noticed a centaur
  2239 | D:5      | Slain by a centaur

Vanquished Creatures
  An orc priest (D:3)
  An orc wizard (D:3)
  Natasha (D:2)
  2 adders (D:3)
  A worm (D:3)
  A dart slug (D:3)
  3 orcs (D:3)
  2 ball pythons
  3 endoplasms
  A giant cockroach (D:3)
  5 hobgoblins
  3 kobolds
  6 quokkas
  9 bats
  A frilled lizard (D:1)
  3 goblins
  A rat (D:3)
44 creatures vanquished.

Table legend: (Time is in decaauts)
 A = Elapsed time spent in this place.
 B = Non-inter-level travel time spent in this place.
 C = Inter-level travel time spent in this place.
 D = Time resting spent in this place.
 E = Time spent auto-exploring this place.
 F = Levels seen in this place.
 G = Mean time per level.
                   A        B        C        D        E       F      G
               +--------+--------+--------+--------+--------+-----+--------+
         Total |   2228 |   2187 |     41 |      0 |   1754 |   4 |  557.0 |
       Dungeon |   2228 |   2187 |     41 |      0 |   1754 |   4 |  557.0 |
               +--------+--------+--------+--------+--------+-----+--------+

Top non-repeatable levels by time:
     D:2: 808 daAuts
     D:1: 739 daAuts
     D:3: 560 daAuts
     D:5: 120 daAuts

Table legend:
 A = Non-vault XP
 B = Vault XP
 C = Vault XP percentage of total XP
 D = Non-vault monster count
 E = Vault monster count
 F = Vault count percentage of total count
                 A         B        C        D         E       F
            +---------+---------+-------+---------+---------+-------
      Total |     170 |      46 |  21.3 |      37 |       7 |  15.9
            +---------+---------+-------+---------+---------+-------
        D:1 |      27 |       8 |  22.9 |      16 |       4 |  20.0
        D:2 |       5 |      35 |  87.5 |       3 |       1 |  25.0
        D:3 |     138 |       3 |   2.1 |      18 |       2 |  10.0
            +---------+---------+-------+---------+---------+-------
